 Dungeon Crawl Stone Soup version 0.30-a0-377-g5cb311bc9f (webtiles) character file.

Game seed: 2731623885316765787

16 hikkokomori the Trooper (level 2, -1/26 HPs)
             Began as a Ghoul Monk on Nov 30, 2022.
             Slain by a hobgoblin (4 damage)
             ... on level 1 of the Dungeon.
             The game lasted 00:00:41 (584 turns).

hikkokomori the Trooper (Ghoul Monk)                 Turns: 584, Time: 00:00:42

Health: -1/26      AC:  2    Str: 14    XL:     2   Next: 58%
Magic:  1/1        EV: 12    Int:  5    God:
Gold:   16         SH:  0    Dex: 11    Spells: 1/1 levels left

rFire   . . .      SeeInvis .    a - +0 mace
rCold   + . .      Faith    .    (no shield)
rNeg    + + +      Spirit   .    b - +0 robe
rPois   ∞          Reflect  .    (no helmet)
rElec   .          Harm     .    (no cloak)
rCorr   .          Rampage  .    (no gloves)
Will    .....                    (no boots)
Stlth   ++........               (no amulet)
HPRegen 0.00/turn                (no ring)
MPRegen 0.07/turn                (no ring)

@: inhibited regen
A: claws 1, cold resistance 1, negative energy resistance 3, inhibited
regeneration, torment resistance 2, devour on kill
a: no special abilities


You were on level 1 of the Dungeon.
You visited 1 branch of the dungeon, and saw 1 of its levels.

You collected 16 gold pieces.

Inventory:

Hand Weapons
 a - a +0 mace (weapon)
Armour
 b - a +0 robe (worn)
Scrolls
 e - a scroll of identify {unknown}
Potions
 c - a potion of ambrosia
 d - a potion of magic {unknown}
 f - a potion of mutation {unknown}


   Skills:
 + Level 3.5 Fighting
 + Level 2.9 Maces & Flails
 + Level 2.9 Dodging
 + Level 2.6 Stealth


You had one spell level left.
You didn't know any spells.
Your spell library contained the following spells:

 Spells                   Type           Power      Damage    Failure   Level
 Cause Fear               Hex            0%         N/A       99%         4
 Dragon's Call            Summ           0%         N/A       100%        9
 Dragon Form              Tmut           Unusable   N/A       N/A         7

Dungeon Overview and Level Annotations

Branches:
Dungeon (1/15)

Altars:


Innate Abilities, Weirdness & Mutations

You are immune to poison.
You have sharp fingernails.
Your flesh is cold resistant. (rC+)
You are immune to negative energy. (rN+++)
You do not regenerate when monsters are visible.
You are immune to unholy pain and torment.
You thrive by killing the living.


Message History

A quokka is nearby!
A quokka is nearby!
A giant cockroach comes into view.
Found 8 gold pieces.
A hobgoblin comes into view.
The helpless quokka fails to defend itself.
You hit the quokka but do no damage. The quokka closely misses you.
The giant cockroach bites you but does no damage.
You hit the quokka but do no damage.
The hobgoblin shouts!
The quokka barely misses you. The giant cockroach closely misses you.
The quokka bites you. The giant cockroach closely misses you.
You closely miss the quokka. The quokka closely misses you.
The giant cockroach bites you.
You hit the quokka but do no damage. The quokka misses you.
The giant cockroach closely misses you. The quokka misses you.
The giant cockroach barely misses you.
You closely miss the quokka. The quokka barely misses you.
The giant cockroach bites you.
You hit the quokka.
The quokka is moderately wounded.
The quokka bites you but does no damage.
The giant cockroach closely misses you.
The quokka bites you but does no damage.
The giant cockroach bites you.
You closely miss the quokka.
The quokka twitches its whiskers.
The quokka barely misses you. The giant cockroach barely misses you.
You hit the hobgoblin.
The hobgoblin is almost dead.
The quokka bites you.
The giant cockroach bites you but does no damage.
The hobgoblin hits you. The quokka barely misses you.
The giant cockroach bites you but does no damage.
The hobgoblin hits you.
* * * LOW HITPOINT WARNING * * *
The hobgoblin hits you.
* * * LOW HITPOINT WARNING * * *
The hobgoblin attacks as you move away! The hobgoblin hits you.
You die... ##.......##..######### # ##..PP.###..# .P...P. ..###########..# ..bPbP

...............# .....#
...............#########
#......#'#......# #. #
#.####.#.###..### #.###
.. #.#.# #....###....
#####.#@#.# #.##...##...
......gr#.# #.####......
#......B#.# #.# ###.†..
+.$....##.. ).# #...#
#...... #.. ........#..#
....... ########.#...
......# #+#... ......
.... .....# .....


You could see a quokka, a giant cockroach and a hobgoblin.

Vanquished Creatures
  A dart slug (D:1)
  2 bats (D:1)
  3 endoplasms (D:1)
  2 goblins (D:1)
  A kobold (D:1)
  A quokka (D:1)
  A ball python (D:1)
  A frilled lizard (D:1)
  A rat (D:1)
13 creatures vanquished.

Notes
Turn   | Place    | Note
-------+----------+-------------------------------------------
     0 | D:1      | hikkokomori the Ghoul Monk began the quest for the Orb.
     0 | D:1      | Reached XP level 1. HP: 19/19 MP: 0/0
   113 | D:1      | Reached XP level 2. HP: 18/26 MP: 1/1
   584 | D:1      | Slain by a hobgoblin

Illustrated notes

Levels and vault maps discovered:
D:1:      eino_arrival_water_star, layout_basic, serial_aquarium,
          aquarium_bridge_square [aquarium_subvault_wall,
          aquarium_subvault_bridge, aquarium_subvault_wall,
          aquarium_subvault_bridge], aquarium_bridge_straight
          [aquarium_subvault_bridge, aquarium_subvault_balcony,
          aquarium_subvault_bridge, aquarium_subvault_wall], aquarium_window_2,
          aquarium_window_corridor_3, aquarium_window_1, aquarium_window_1,
          aquarium_view_2a, aquarium_view_2b, aquarium_balcony_1b

Action                   || total
-------------------------++-------
Melee: Mace              ||    51
       Punch             ||     1
 Stab: Sleeping          ||     4
Armor: Robe              ||    18
Dodge: Dodged            ||    30

Table legend: (Time is in decaauts)
 A = Elapsed time spent in this place.
 B = Non-inter-level travel time spent in this place.
 C = Inter-level travel time spent in this place.
 D = Time resting spent in this place.
 E = Time spent auto-exploring this place.
 F = Levels seen in this place.
 G = Mean time per level.
                   A        B        C        D        E       F      G
               +--------+--------+--------+--------+--------+-----+--------+
         Total |    598 |    598 |      0 |      0 |    454 |   1 |  598.0 |
       Dungeon |    598 |    598 |      0 |      0 |    454 |   1 |  598.0 |
               +--------+--------+--------+--------+--------+-----+--------+

Top non-repeatable levels by time:
     D:1: 598 daAuts
